[Event "CZE-ch Amateurs 2022"]
[Site "Luhacovice"]
[Date "2022.03.15"]
[Round "5.16"]
[White "Bakalar, Jan"]
[Black "Svobodova, Michaela"]
[Result "1/2-1/2"]
[ECO "B41"]
[WhiteElo "1820"]
[BlackElo "2054"]
[Annotator "ChessBase"]
[PlyCount "100"]
[EventDate "2022.03.12"]
[EventType "swiss"]
[EventCountry "CZE"]
[SourceTitle "playchess.com"]
[Source "ChessBase"]
[SourceQuality "1"]
[TimeControl "5400+30"]

1. e4 c5 2. Nf3 e6 3. d4 cxd4 4. Nxd4 a6 5. c4 Nf6 6. Nc3 Qc7 7. Be2 Be7 8. O-O b6 9. Qd3 Bb7 10. Nc2 d6 11. b3 Nbd7 12. f3 Rc8 13. Bb2 O-O 14. Ne3 Rfd8 15. g4 Ne5 16. Qd2 d5 17. exd5 exd5 18. Ncxd5 Nxd5 19. cxd5 Bxd5 20. Nxd5 Qc5+ 21. Kh1 Rxd5 22. Qc1 Nd3 23. Qxc5 Bxc5 24. Bxd3 Rxd3 25. Rac1 Re8 26. Rc2 f6 27. Bc1 Kf7 28. Kg2 a5 29. f4 Re4 30. Rf3 Rd1 31. Rf1 Ree1 32. Rxe1 Rxe1 33. h3 f5 34. g5 Re4 35. Kf3 Ke6 36. Re2 Rxe2 37. Kxe2 Kd5 38. Kd3 Bf2 39. Bb2 g6 40. Bc3 Bg3 41. Ke3 Bh2 42. Bd2 Bg1+ 43. Kd3 Bc5 44. Bc3 Ba3 45. Bd2 Bb2 46. a4 Bd4 47. Bc1 Bc5 48. Bd2 Bd6 49. Be3 Bc5 50. Bd2 Bd6 1/2-1/2

[Event "CZE-ch Amateurs 2022"]
[Site "Luhacovice"]
[Date "2022.03.15"]
[Round "5.17"]
[White "Vrzal, Filip"]
[Black "Mach, Petr"]
[Result "1/2-1/2"]
[ECO "B01"]
[WhiteElo "1877"]
[BlackElo "2023"]
[Annotator "ChessBase"]
[PlyCount "29"]
[EventDate "2022.03.12"]
[EventType "swiss"]
[EventCountry "CZE"]
[SourceTitle "playchess.com"]
[Source "ChessBase"]
[SourceQuality "1"]
[TimeControl "5400+30"]

1. e4 d5 2. exd5 Nf6 3. d4 Nxd5 4. c4 Nb6 5. Nf3 g6 6. Nc3 Bg7 7. c5 Nd5 8. Bc4 c6 9. O-O O-O 10. Re1 Bg4 11. Bg5 Bf6 12. Bh6 Bg7 13. Bg5 Bf6 14. Bh6 Bg7 15. Bg5 1/2-1/2

[Event "CZE-ch Amateurs 2022"]
[Site "Luhacovice"]
[Date "2022.03.15"]
[Round "5.18"]
[White "Taus, Martin"]
[Black "Svacina, Tobias"]
[Result "1-0"]
[ECO "C56"]
[WhiteElo "2017"]
[BlackElo "1749"]
[Annotator "ChessBase"]
[PlyCount "47"]
[EventDate "2022.03.12"]
[EventType "swiss"]
[EventCountry "CZE"]
[SourceTitle "playchess.com"]
[Source "ChessBase"]
[SourceQuality "1"]
[TimeControl "5400+30"]

1. e4 e5 2. Nf3 Nc6 3. d4 exd4 4. Bc4 Nf6 5. e5 d5 6. Bb5 Ne4 7. Nxd4 Bd7 8. Bxc6 bxc6 9. O-O Bc5 10. f3 Ng5 11. Be3 Bb6 12. f4 Ne4 13. c3 c5 14. Nf3 Bc6 15. a4 a5 16. Kh1 Qd7 17. Nbd2 Nxd2 18. Qxd2 Bxa4 19. e6 fxe6 20. Ne5 Qb5 21. c4 Qb4 22. Qxb4 axb4 23. b3 d4 24. Bd2 1-0

[Event "CZE-ch Amateurs 2022"]
[Site "Luhacovice"]
[Date "2022.03.15"]
[Round "5.19"]
[White "Romanek, Zdenek"]
[Black "Bokhnak, Timofey"]
[Result "0-1"]
[ECO "D35"]
[WhiteElo "1624"]
[BlackElo "1978"]
[Annotator "ChessBase"]
[PlyCount "82"]
[EventDate "2022.03.12"]
[EventType "swiss"]
[EventCountry "CZE"]
[SourceTitle "playchess.com"]
[Source "ChessBase"]
[SourceQuality "1"]
[TimeControl "5400+30"]

1. d4 d5 2. c4 e6 3. Bf4 Nf6 4. e3 c6 5. Nc3 Bd6 6. Bxd6 Qxd6 7. Bd3 Nbd7 8. Nge2 dxc4 9. Bxc4 e5 10. Qc2 O-O 11. O-O exd4 12. exd4 Nb6 13. Bb3 Re8 14. Rad1 Bg4 15. Rd2 Re7 16. Rfd1 Rae8 17. f3 Bh5 18. d5 Bg6 19. Qc1 cxd5 20. Nb5 Qe5 21. Qc3 Qg5 22. Ng3 h5 23. Nd6 Rd8 24. Qc5 h4 25. Nge4 Nxe4 26. Nxe4 Bxe4 27. fxe4 Rxe4 28. h3 Rde8 29. Rf2 Re1+ 30. Rf1 Rxf1+ 31. Rxf1 Qe3+ 32. Qxe3 Rxe3 33. Rf4 Re4 34. Rf5 g6 35. Rf6 Re6 36. Rf4 g5 37. Rf5 f6 38. Kf2 Rd6 39. Ke2 Kf7 40. Kd3 Ke6 41. Rf2 Nd7 0-1

[Event "CZE-ch Amateurs 2022"]
[Site "Luhacovice"]
[Date "2022.03.15"]
[Round "5.20"]
[White "Zednicek, Filip"]
[Black "Matejovsky, Ondrej"]
[Result "1/2-1/2"]
[ECO "C41"]
[WhiteElo "1570"]
[BlackElo "1939"]
[Annotator "ChessBase"]
[PlyCount "21"]
[EventDate "2022.03.12"]
[EventType "swiss"]
[EventCountry "CZE"]
[SourceTitle "playchess.com"]
[Source "ChessBase"]
[SourceQuality "1"]
[TimeControl "5400+30"]

1. e4 e5 2. d4 exd4 3. Nf3 d6 4. Nxd4 Nf6 5. Nc3 Be7 6. Bc4 O-O 7. O-O b6 8. Nd5 Bb7 9. Nf5 Nxd5 10. Bxd5 Bxd5 11. Qxd5 1/2-1/2

[Event "CZE-ch Amateurs 2022"]
[Site "Luhacovice"]
[Date "2022.03.16"]
[Round "6.1"]
[White "Buchcar, Tomas"]
[Black "Zvolensky, David"]
[Result "1-0"]
[ECO "D00"]
[WhiteElo "2121"]
[BlackElo "2159"]
[Annotator "ChessBase"]
[PlyCount "31"]
[EventDate "2022.03.12"]
[EventType "swiss"]
[EventCountry "CZE"]
[SourceTitle "playchess.com"]
[Source "ChessBase"]
[SourceQuality "1"]
[TimeControl "5400+30"]

1. d4 Nf6 2. Bf4 d5 3. e3 c5 4. c3 Nc6 5. Nd2 Bf5 6. Ngf3 Qb6 7. Qb3 c4 8. Qxb6 axb6 9. a3 h6 10. Be2 e6 11. h3 Be7 12. O-O g5 13. Bg3 Nd7 14. Rac1 Ra5 15. Ne1 Rb5 16. b4 1-0

[Event "CZE-ch Amateurs 2022"]
[Site "Luhacovice"]
[Date "2022.03.16"]
[Round "6.2"]
[White "Jedlicka, Ales"]
[Black "Kupsa, Matej"]
[Result "1/2-1/2"]
[ECO "E08"]
[WhiteElo "2223"]
[BlackElo "2097"]
[Annotator "RC"]
[PlyCount "153"]
[EventDate "2022.03.12"]
[EventType "swiss"]
[EventCountry "CZE"]
[SourceTitle "playchess.com"]
[Source "ChessBase"]
[SourceQuality "1"]
[TimeControl "5400+30"]

1. d4 Nf6 2. c4 e6 3. Nf3 d5 4. g3 Bb4+ 5. Bd2 Be7 6. Bg2 O-O 7. O-O Nbd7 8. Qc2 Ne4 9. Bf4 c6 10. Nc3 g5 11. Bc1 f5 12. Nxe4 dxe4 13. Nd2 e5 14. e3 Bf6 15. Nb3 Nb6 16. Bd2 Be6 17. Na5 exd4 18. exd4 Bxd4 19. Rad1 c5 20. b4 Qe7 21. bxc5 Bxc5 22. g4 e3 23. Bxe3 f4 24. Bxc5 Qxc5 25. Nxb7 Qxc4 26. Qxc4 Bxc4 27. Rfe1 f3 28. Bf1 Bxa2 29. Re5 h6 30. Ra1 Bd5 31. Rxd5 Nxd5 32. Bc4 Kg7 33. Bxd5 Rae8 34. Nc5 Rf6 35. Rxa7+ Kh8 36. h3 Rd8 37. Ra8 Rxa8 38. Bxa8 Kg7 39. Kh2 h5 40. Nd7 Rf4 41. gxh5 Kh6 42. Ne5 Kxh5 43. Bxf3+ Kh6 44. Kg3 Rb4 45. Ng4+ Kg6 46. Ne3 Kh6 47. Bd5 Kg6 48. f3 Ra4 49. Be4+ Kh5 50. Nd5 Ra6 51. Bf5 Rd6 52. Bg4+ Kh6 53. Ne7 Rb6 54. Nd5 Rd6 55. Nc3 Rf6 56. Kf2 Rf8 57. Ke3 Kg6 58. Ne4 Rd8 59. Nc5 Kf6 60. Nd7+ Kg6 61. Ke4 Re8+ 62. Kd5 Re1 63. Be6 Ra1 64. Ne5+ Kf6 65. Ng4+ Kg6 66. Bd7 Re1 67. Kd4 Re2 68. Bc6 Kf5 69. Be4+ Kf4 70. Nf6 Rd2+ 71. Kc3 Rd8 72. Nh5+ Ke3 73. Kc4 Rh8 74. Ng7 Rxh3 75. Nf5+ Kf4 76. Kd4 Rxf3 77. Bxf3 1/2-1/2

[Event "CZE-ch Amateurs 2022"]
[Site "Luhacovice"]
[Date "2022.03.16"]
[Round "6.3"]
[White "Gabriel, Adam"]
[Black "Jun, Rudolf"]
[Result "1-0"]
[ECO "B33"]
[WhiteElo "2097"]
[BlackElo "2215"]
[Annotator "ChessBase"]
[PlyCount "113"]
[EventDate "2022.03.12"]
[EventType "swiss"]
[EventCountry "CZE"]
[SourceTitle "playchess.com"]
[Source "ChessBase"]
[SourceQuality "1"]
[TimeControl "5400+30"]

1. e4 c5 2. Nf3 Nc6 3. d4 cxd4 4. Nxd4 Nf6 5. Nc3 e5 6. Nf5 d5 7. exd5 Bxf5 8. dxc6 bxc6 9. Qf3 Qd7 10. Bc4 Bb4 11. Bg5 Ne4 12. Bd3 Nxg5 13. Qxf5 Qxf5 14. Bxf5 Ke7 15. h4 Ne6 16. Bxe6 Kxe6 17. Rh3 Rhd8 18. a3 Be7 19. Rd1 Rd4 20. Rxd4 exd4 21. Ne2 c5 22. Kd2 Rb8 23. b3 Bd6 24. Kd3 Kd5 25. Rf3 f6 26. h5 Be5 27. Nf4+ Bxf4 28. Rxf4 Re8 29. h6 gxh6 30. Rxf6 Rg8 31. g3 Rg6 32. Rf5+ Kc6 33. Kc4 Kb6 34. Rxc5 Rf6 35. f4 Rg6 36. Rh5 Kb7 37. Kxd4 Rc6 38. c3 Rg6 39. f5 Rg4+ 40. Ke5 Rxg3 41. f6 Re3+ 42. Kd4 Rf3 43. Rxh6 Kb8 44. b4 a6 45. a4 Ka8 46. a5 Rf1 47. Kc5 Rf3 48. c4 Rf4 49. Kd5 Rf1 50. Ke6 Re1+ 51. Kd7 Rd1+ 52. Ke7 Re1+ 53. Kf8 Re6 54. Kg7 Ka7 55. f7 Rxh6 56. Kxh6 Kb7 57. f8=Q 1-0

[Event "CZE-ch Amateurs 2022"]
[Site "Luhacovice"]
[Date "2022.03.16"]
[Round "6.4"]
[White "Kratochvil, Josef"]
[Black "Cupek, Martin"]
[Result "1-0"]
[ECO "C41"]
[WhiteElo "2200"]
[BlackElo "2108"]
[Annotator "ChessBase"]
[PlyCount "91"]
[EventDate "2022.03.12"]
[EventType "swiss"]
[EventCountry "CZE"]
[SourceTitle "playchess.com"]
[Source "ChessBase"]
[SourceQuality "1"]
[TimeControl "5400+30"]

1. e4 d6 2. d4 Nd7 3. Nc3 e5 4. Nf3 g6 5. Bc4 c6 6. a4 f6 7. O-O a5 8. Be3 Nh6 9. h3 Qe7 10. Nh2 Nf7 11. f4 exd4 12. Qxd4 Nc5 13. e5 d5 14. Bxd5 f5 15. Rad1 Be6 16. Bxe6 Nxe6 17. Qc4 Bh6 18. Nf3 O-O 19. Nd4 Nxd4 20. Rxd4 Kh8 21. Re1 Rfe8 22. Rd3 Kg8 23. Bc5 Qe6 24. Qxe6 Rxe6 25. g3 Bf8 26. Bxf8 Kxf8 27. Red1 Ke8 28. Ne2 Rd8 29. Nd4 Re7 30. Nb3 b6 31. Nd4 Rc8 32. Kf2 Nd8 33. Rb3 Rb7 34. g4 fxg4 35. hxg4 b5 36. Ke3 bxa4 37. Rxb7 Nxb7 38. f5 gxf5 39. gxf5 Nc5 40. Kf4 Rd8 41. c3 Rd5 42. e6 Nb3 43. Rh1 c5 44. Nf3 Nd2 45. Ne5 c4 46. Rxh7 1-0

[Event "CZE-ch Amateurs 2022"]
[Site "Luhacovice"]
[Date "2022.03.16"]
[Round "6.5"]
[White "Horvath, Tomas"]
[Black "Nemec, Pavel"]
[Result "1/2-1/2"]
[ECO "B22"]
[WhiteElo "2079"]
[BlackElo "2223"]
[Annotator "RC"]
[PlyCount "31"]
[EventDate "2022.03.12"]
[EventType "swiss"]
[EventCountry "CZE"]
[SourceTitle "playchess.com"]
[Source "ChessBase"]
[SourceQuality "1"]
[TimeControl "5400+30"]

1. e4 c5 2. d4 cxd4 3. c3 d5 4. exd5 Qxd5 5. cxd4 Nc6 6. Nf3 Nf6 7. Nc3 Qd8 8. d5 Nb8 9. Bc4 g6 10. O-O Bg7 11. Bf4 O-O 12. d6 e6 13. Qd2 Bd7 14. Rfd1 Nc6 15. Rac1 Qa5 16. a3 1/2-1/2

[Event "CZE-ch Amateurs 2022"]
[Site "Luhacovice"]
[Date "2022.03.16"]
[Round "6.6"]
[White "Galicek, Stanislav"]
[Black "Mudrak, Josef"]
[Result "0-1"]
[ECO "A26"]
[WhiteElo "2079"]
[BlackElo "2219"]
[Annotator "RC"]
[PlyCount "66"]
[EventDate "2022.03.12"]
[EventType "swiss"]
[EventCountry "CZE"]
[SourceTitle "playchess.com"]
[Source "ChessBase"]
[SourceQuality "1"]
[TimeControl "5400+30"]

1. c4 e5 2. Nc3 Nc6 3. Nf3 f5 4. d3 Nf6 5. g3 d6 6. Bg2 g6 7. O-O Bg7 8. Rb1 a5 9. a3 O-O 10. b4 axb4 11. axb4 h6 12. b5 Ne7 13. Bb2 g5 14. Ra1 Rxa1 15. Qxa1 b6 16. Nd2 f4 17. Nde4 Ne8 18. Qa8 Qd7 19. Nd5 Nxd5 20. Qxd5+ Kh8 21. h3 g4 22. hxg4 Qxg4 23. gxf4 Qxe2 24. Bc1 exf4 25. f3 Be5 26. Kh2 Ng7 27. Rf2 Qd1 28. Bb2 Bxb2 29. Rxb2 Rf5 30. Nf2 Qa1 31. Qd4 Re5 32. Bh3 Bxh3 33. Kxh3 Re2 0-1

[Event "CZE-ch Amateurs 2022"]
[Site "Luhacovice"]
[Date "2022.03.16"]
[Round "6.7"]
[White "Slepov, Kyryl"]
[Black "Cagasik, Tomas"]
[Result "1-0"]
[ECO "A17"]
[WhiteElo "2064"]
[BlackElo "2177"]
[Annotator "ChessBase"]
[PlyCount "51"]
[EventDate "2022.03.12"]
[EventType "swiss"]
[EventCountry "CZE"]
[SourceTitle "playchess.com"]
[Source "ChessBase"]
[SourceQuality "1"]
[TimeControl "5400+30"]

1. c4 b6 2. e4 Bb7 3. Nc3 e6 4. Nf3 Bb4 5. d3 Bxc3+ 6. bxc3 d6 7. g3 Nf6 8. Bg2 O-O 9. O-O c5 10. Bg5 h6 11. Bd2 Nc6 12. Qe2 Qc7 13. Nh4 Rad8 14. f4 d5 15. e5 Nh7 16. cxd5 exd5 17. Nf5 Ne7 18. Nd6 Bc6 19. d4 Qd7 20. Qh5 Qc7 21. f5 Rxd6 22. exd6 Qxd6 23. Bf4 Qd7 24. Bxh6 gxh6 25. f6 Nc8 26. Bh3 1-0

[Event "CZE-ch Amateurs 2022"]
[Site "Luhacovice"]
[Date "2022.03.16"]
[Round "6.8"]
[White "Bokhnak, Timofey"]
[Black "Sremanak, Slavomir"]
[Result "1/2-1/2"]
[ECO "B22"]
[WhiteElo "1978"]
[BlackElo "2187"]
[Annotator "ChessBase"]
[PlyCount "130"]
[EventDate "2022.03.12"]
[EventType "swiss"]
[EventCountry "CZE"]
[SourceTitle "playchess.com"]
[Source "ChessBase"]
[SourceQuality "1"]
[TimeControl "5400+30"]

1. e4 c5 2. c3 d6 3. d4 Nd7 4. Nf3 Qc7 5. Be3 Ngf6 6. Nbd2 g6 7. Bc4 Nb6 8. Bb5+ Bd7 9. Qb3 Bxb5 10. Qxb5+ Nfd7 11. a4 a6 12. Qb3 c4 13. Qc2 Bg7 14. a5 Nc8 15. O-O O-O 16. Ra4 b5 17. axb6 Ncxb6 18. Ra5 Qb7 19. Rfa1 e6 20. d5 exd5 21. exd5 Nxd5 22. Nxc4 Nxe3 23. Nxe3 Nc5 24. Nd2 Rfe8 25. b4 Nd7 26. Nd5 Re5 27. Qd3 Nc5 28. bxc5 Qxd5 29. Qxd5 Rxd5 30. Ne4 f5 31. Ng3 Bxc3 32. Rxa6 Rxa6 33. Rxa6 Rd1+ 34. Nf1 dxc5 35. g3 Bd4 36. Kg2 c4 37. Rc6 c3 38. Ne3 Rd2 39. Kf3 Kf7 40. h4 Ke7 41. h5 Kd7 42. Rc4 gxh5 43. Nxf5 Rxf2+ 44. Ke4 Bf6 45. Ne3 Kd6 46. Nf5+ Ke6 47. Ne3 Rd2 48. Rc6+ Kf7 49. Kf5 Rf2+ 50. Ke4 Kg6 51. Nd5 Kg5 52. Ke3 Rf5 53. Nxf6 Rxf6 54. Rxc3 Kg4 55. Ke2 h6 56. Rd3 Rf5 57. Rb3 Kh3 58. Rf3 Ra5 59. Kf2 Kh2 60. Rf6 Rg5 61. Rf3 Rb5 62. Rf6 Rb2+ 63. Kf3 Rb3+ 64. Kf4 Rb4+ 65. Kf3 Rb3+ 1/2-1/2

[Event "CZE-ch Amateurs 2022"]
[Site "Luhacovice"]
[Date "2022.03.16"]
[Round "6.9"]
[White "Lorenc, Tomas"]
[Black "Taus, Martin"]
[Result "0-1"]
[ECO "A07"]
[WhiteElo "2183"]
[BlackElo "2017"]
[Annotator "ChessBase"]
[PlyCount "94"]
[EventDate "2022.03.12"]
[EventType "swiss"]
[EventCountry "CZE"]
[SourceTitle "playchess.com"]
[Source "ChessBase"]
[SourceQuality "1"]
[TimeControl "5400+30"]

1. c4 Nc6 2. g3 d5 3. Bg2 d4 4. d3 e5 5. Nf3 Nf6 6. Nbd2 Be7 7. O-O O-O 8. Rb1 a5 9. a3 a4 10. b4 axb3 11. Qxb3 Re8 12. Ne1 Ra6 13. Nc2 Rb6 14. Qa2 Ra6 15. Rb5 Bf8 16. Ne4 Nxe4 17. Bxe4 f5 18. Bd5+ Kh8 19. Bf7 f4 20. Ne1 Re7 21. Bd5 g5 22. e3 Bh3 23. Ng2 Qc8 24. Qb2 Nd8 25. Be4 Rf7 26. Rxe5 f3 27. Qxd4 Rd6 28. Qc3 Ne6 29. Ne1 Bg7 30. Nxf3 Bxf1 31. Kxf1 Qf8 32. Bb2 g4 33. Qc1 gxf3 34. Rh5 Bxb2 35. Qxb2+ Kg8 36. c5 Ra6 37. Bxb7 Ra5 38. Bd5 Rxc5 39. Re5 Qd6 40. Rxe6 Qxd5 41. Re8+ Rf8 42. Rxf8+ Kxf8 43. Qh8+ Qg8 44. Qf6+ Qf7 45. Qd8+ Kg7 46. Qd4+ Qf6 47. Qd7+ Kf8 0-1

[Event "CZE-ch Amateurs 2022"]
[Site "Luhacovice"]
[Date "2022.03.16"]
[Round "6.11"]
[White "Pilch, Roman"]
[Black "Stastny, Jakub"]
[Result "1-0"]
[ECO "A12"]
[WhiteElo "2136"]
[BlackElo "1945"]
[Annotator "ChessBase"]
[PlyCount "105"]
[EventDate "2022.03.12"]
[EventType "swiss"]
[EventCountry "CZE"]
[SourceTitle "playchess.com"]
[Source "ChessBase"]
[SourceQuality "1"]
[TimeControl "5400+30"]

1. Nf3 d5 2. c4 c6 3. b3 Nf6 4. Bb2 Bf5 5. g3 e6 6. Bg2 h6 7. O-O Be7 8. d3 O-O 9. Nc3 Qb6 10. Qc2 a5 11. Na4 Qd8 12. c5 Nbd7 13. Rac1 Rc8 14. Bd4 b5 15. Nb2 Qc7 16. Qd2 Bh7 17. Qf4 Qa7 18. Ne5 Rfe8 19. Qe3 Nxe5 20. Qxe5 Bf8 21. Be3 Nd7 22. Qc3 e5 23. d4 e4 24. Qd2 Bf5 25. Rce1 Nf6 26. f3 Qd7 27. a3 Bh3 28. Nd1 Bxg2 29. Kxg2 Kh7 30. Nf2 g6 31. f4 Bg7 32. Qxa5 Ra8 33. Qb4 Ng4 34. Nxg4 Qxg4 35. h3 Qd7 36. Ra1 f5 37. Qe1 Bf6 38. Qf2 Qe6 39. Ra2 Ra7 40. Rfa1 g5 41. a4 b4 42. Kh2 gxf4 43. Qxf4 Bg5 44. Qf2 Rg8 45. Rg1 Rag7 46. Raa1 h5 47. Bxg5 Rxg5 48. Qf4 R8g6 49. e3 Qf6 50. Raf1 h4 51. gxh4 Rxg1 52. Rxg1 Rh6 53. Qc7+ 1-0

[Event "CZE-ch Amateurs 2022"]
[Site "Luhacovice"]
[Date "2022.03.16"]
[Round "6.12"]
[White "Zaza, Martin"]
[Black "Toman, Jan"]
[Result "0-1"]
[ECO "C00"]
[WhiteElo "1822"]
[BlackElo "2127"]
[Annotator "ChessBase"]
[PlyCount "112"]
[EventDate "2022.03.12"]
[EventType "swiss"]
[EventCountry "CZE"]
[SourceTitle "playchess.com"]
[Source "ChessBase"]
[SourceQuality "1"]
[TimeControl "5400+30"]

1. e4 c5 2. Nf3 e6 3. d3 Nc6 4. g3 d5 5. Nbd2 Nf6 6. Bg2 Be7 7. O-O b5 8. Re1 O-O 9. Qe2 Qc7 10. e5 Nd7 11. Nf1 Nd4 12. Nxd4 cxd4 13. Bf4 Bb7 14. h4 Rfc8 15. Rec1 a5 16. Nh2 Qd8 17. Nf3 Qb6 18. Ng5 h6 19. Nf3 a4 20. c3 dxc3 21. bxc3 Ba6 22. Rab1 Qa5 23. Bd2 Qd8 24. Nd4 Rab8 25. c4 bxc4 26. Rxb8 Nxb8 27. Qg4 Kh8 28. Qh5 Qf8 29. dxc4 Bxc4 30. Bf1 Ba3 31. Rb1 Nd7 32. Rb7 g6 33. Qd1 Nc5 34. Ra7 Bxf1 35. Kxf1 Ne4 36. Be3 Bc5 37. Rb7 Bxd4 38. Qxd4 a3 39. Qa7 Kg8 40. Kg2 Nc3 41. Rb3 Nxa2 42. Qxa3 Qxa3 43. Rxa3 Nb4 44. Bxh6 Nc6 45. Rc3 Ne7 46. Rxc8+ Nxc8 47. Be3 Ne7 48. f4 Nc6 49. Bc5 Kg7 50. g4 Na5 51. h5 gxh5 52. gxh5 Kh6 53. Kg3 Kxh5 54. f5 Kg5 55. fxe6 fxe6 56. Bd6 Kf5 0-1

[Event "CZE-ch Amateurs 2022"]
[Site "Luhacovice"]
[Date "2022.03.16"]
[Round "6.13"]
[White "Jares, Michal"]
[Black "Benes, Miroslav"]
[Result "1/2-1/2"]
[ECO "B52"]
[WhiteElo "2160"]
[BlackElo "1929"]
[Annotator "ChessBase"]
[PlyCount "70"]
[EventDate "2022.03.12"]
[EventType "swiss"]
[EventCountry "CZE"]
[SourceTitle "playchess.com"]
[Source "ChessBase"]
[SourceQuality "1"]
[TimeControl "5400+30"]

1. e4 c5 2. Nf3 d6 3. Bb5+ Bd7 4. Bxd7+ Qxd7 5. O-O Nc6 6. c3 Nf6 7. Re1 e6 8. d3 Be7 9. a4 O-O 10. Nbd2 b6 11. Qe2 a6 12. Nc4 Rab8 13. Bf4 Nh5 14. Bg3 Nxg3 15. hxg3 b5 16. axb5 axb5 17. Ne3 b4 18. d4 bxc3 19. bxc3 cxd4 20. cxd4 Bf6 21. Rad1 Qa7 22. Ra1 Qb6 23. e5 dxe5 24. dxe5 Be7 25. Qc4 Rfc8 26. Rec1 Na7 27. Qe4 Rxc1+ 28. Rxc1 h6 29. g4 Rc8 30. Rb1 Qc6 31. Qf4 Nb5 32. g5 Nc3 33. Re1 hxg5 34. Nxg5 Bxg5 35. Qxg5 Qe4 1/2-1/2

[Event "CZE-ch Amateurs 2022"]
[Site "Luhacovice"]
[Date "2022.03.16"]
[Round "6.14"]
[White "Vanek, Ladislav"]
[Black "Vrzal, Filip"]
[Result "1-0"]
[ECO "D00"]
[WhiteElo "2221"]
[BlackElo "1877"]
[Annotator "RC"]
[PlyCount "84"]
[EventDate "2022.03.12"]
[EventType "swiss"]
[EventCountry "CZE"]
[SourceTitle "playchess.com"]
[Source "ChessBase"]
[SourceQuality "1"]
[TimeControl "5400+30"]

1. d4 Nf6 2. Bf4 d5 3. e3 c5 4. c3 Qb6 5. Qb3 c4 6. Qc2 g6 7. Nd2 Bf5 8. Qc1 Nc6 9. Ngf3 Bg7 10. Be2 O-O 11. O-O Nh5 12. Re1 Nxf4 13. exf4 Bg4 14. Nf1 Qc7 15. Ne3 Bxf3 16. Bxf3 e6 17. g3 b5 18. h4 b4 19. Kg2 Rab8 20. h5 Rb6 21. Rh1 bxc3 22. bxc3 Rfb8 23. Rh4 Nxd4 24. cxd4 Bxd4 25. hxg6 fxg6 26. f5 Bxa1 27. Qxa1 c3 28. Qd1 gxf5 29. Qd3 Rb4 30. Rh5 Qg7 31. Nc2 Rb2 32. Qe3 Kh8 33. Nd4 c2 34. Nxe6 d4 35. Qf4 Qf6 36. Rh6 Qf7 37. Ng5 Qg7 38. Rxh7+ Qxh7 39. Nxh7 Kxh7 40. Qxf5+ Kg7 41. Qe5+ Kf8 42. Qf6+ Ke8 1-0

[Event "CZE-ch Amateurs 2022"]
[Site "Luhacovice"]
[Date "2022.03.16"]
[Round "6.15"]
[White "Novotny, Jaroslav"]
[Black "Fishchuk, Vladyslav"]
[Result "1-0"]
[ECO "A34"]
[WhiteElo "2190"]
[BlackElo "1657"]
[Annotator "ChessBase"]
[PlyCount "76"]
[EventDate "2022.03.12"]
[EventType "swiss"]
[EventCountry "CZE"]
[SourceTitle "playchess.com"]
[Source "ChessBase"]
[SourceQuality "1"]
[TimeControl "5400+30"]

1. Nf3 Nf6 2. c4 c5 3. Nc3 Nc6 4. g3 d5 5. d4 cxd4 6. Nxd4 e5 7. Nxc6 bxc6 8. Bg2 Rb8 9. O-O d4 10. Bxc6+ Bd7 11. Bxd7+ Qxd7 12. Na4 Qh3 13. f3 Be7 14. e4 h5 15. Qe2 Qd7 16. b3 h4 17. g4 d3 18. Qf2 Nh7 19. Rd1 Rd8 20. Be3 Ng5 21. Bxg5 Bxg5 22. Nc5 Qd6 23. Rxd3 Qxd3 24. Nxd3 Rxd3 25. Re1 O-O 26. Kg2 Rfd8 27. Re2 Rd2 28. Kh3 Rxe2 29. Qxe2 Rd2 30. Qf1 Bf4 31. g5 Rxh2+ 32. Kg4 h3 33. c5 Rg2+ 34. Kxh3 Rg3+ 35. Kh4 Rxg5 36. c6 Rg6 37. c7 Rh6+ 38. Kg4 Rh2 1-0

[Event "CZE-ch Amateurs 2022"]
[Site "Luhacovice"]
[Date "2022.03.16"]
[Round "6.16"]
[White "Mach, Petr"]
[Black "Bures, Vit"]
[Result "0-1"]
[ECO "D11"]
[WhiteElo "2023"]
[BlackElo "2121"]
[Annotator "NA"]
[PlyCount "48"]
[EventDate "2022.03.12"]
[EventType "swiss"]
[EventCountry "CZE"]
[SourceTitle "playchess.com"]
[Source "ChessBase"]
[SourceQuality "1"]
[TimeControl "5400+30"]

1. Nf3 d5 2. g3 Nf6 3. Bg2 c6 4. O-O Bg4 5. c4 e6 6. Qb3 Qb6 7. Nc3 Nbd7 8. d4 Be7 9. Bf4 {[%emt 0:04:25] has lost popularity (9.c5).} h6 10. Rfe1 O-O {[%emt 0:04:33] [#]} 11. e4 $146 ({Predecessor:} 11. Qxb6 axb6 12. Nd2 g5 13. Be3 Bf5 14. f3 Kg7 15. Bf2 Bg6 16. e4 dxc4 17. Nxc4 {½-½ (38) Zechner,G (2261)-Teuschler,B (2172) Austria 2019}) 11... dxe4 12. Nxe4 Nxe4 13. Rxe4 Bf5 14. Ree1 Bf6 (14... Qxb3 $11 {deserves consideration.} 15. axb3 Bb4) 15. Qxb6 axb6 16. a3 Bd3 17. Rac1 b5 18. Ne5 (18. Bd6 $11 {keeps the balance.}) 18... Bxe5 19. dxe5 Bxc4 ({Stronger than} 19... bxc4 20. Rcd1 $17) 20. Rcd1 Nc5 21. Bf1 Bxf1 22. Kxf1 Rfd8 23. Ke2 g5 (23... Rd5 $142 24. Rxd5 exd5) 24. Bc1 Kg7 $17 (24... Rd5 $19 25. f4 Ra4) 0-1

[Event "CZE-ch Amateurs 2022"]
[Site "Luhacovice"]
[Date "2022.03.16"]
[Round "6.17"]
[White "Urban, Zdenek"]
[Black "Bakalar, Jan"]
[Result "1-0"]
[ECO "A53"]
[WhiteElo "2093"]
[BlackElo "1820"]
[Annotator "ChessBase"]
[PlyCount "137"]
[EventDate "2022.03.12"]
[EventType "swiss"]
[EventCountry "CZE"]
[SourceTitle "playchess.com"]
[Source "ChessBase"]
[SourceQuality "1"]
[TimeControl "5400+30"]

1. d4 Nf6 2. c4 d6 3. Nc3 c6 4. e4 a6 5. a4 Qa5 6. Bd2 Qc7 7. g3 e5 8. d5 a5 9. Bg2 Na6 10. h3 Nc5 11. Be3 Nfd7 12. Nge2 Na6 13. O-O Nb4 14. f4 Be7 15. Nc1 Bf6 16. Qd2 O-O 17. Rd1 c5 18. Nb5 Qb8 19. f5 Nb6 20. b3 Bd7 21. Nc3 Qd8 22. Rf1 h6 23. h4 Nc8 24. N1a2 Nxa2 25. Rxa2 Kh7 26. Qc1 b6 27. Raf2 Ne7 28. Bh3 Ng8 29. Kh2 Be8 30. Ne2 Ra7 31. Ng1 Be7 32. Nf3 Nf6 33. Qc2 Rh8 34. Kg1 Kg8 35. Rg2 Nh7 36. Qf2 Nf6 37. Nd2 Nh7 38. Qf3 Rc7 39. Kf2 Ra7 40. Ke2 Kf8 41. Qf2 Nf6 42. g4 Ng8 43. Nf3 f6 44. Qg3 Rh7 45. g5 hxg5 46. hxg5 Bh5 47. Bg4 fxg5 48. Bxh5 Rxh5 49. Rh2 Rxh2+ 50. Nxh2 Qe8 51. Bxg5 Qh5+ 52. Nf3 Nf6 53. Kd3 Ra8 54. Rg1 Kf7 55. Be3 Ne8 56. Qg6+ Qxg6 57. fxg6+ Kg8 58. Bg5 Nf6 59. Nh4 Bf8 60. Bxf6 gxf6 61. Nf5 Ra7 62. Ke2 Rd7 63. Kf3 Bg7 64. Kg4 Kf8 65. Rh1 Kg8 66. Rh7 Kf8 67. Nxg7 Rxg7 68. Rxg7 Kxg7 69. Kf5 1-0

[Event "CZE-ch Amateurs 2022"]
[Site "Luhacovice"]
[Date "2022.03.16"]
[Round "6.18"]
[White "Matejovsky, Ondrej"]
[Black "Navratilik, Pavel"]
[Result "0-1"]
[ECO "B52"]
[WhiteElo "1939"]
[BlackElo "2082"]
[Annotator "ChessBase"]
[PlyCount "80"]
[EventDate "2022.03.12"]
[EventType "swiss"]
[EventCountry "CZE"]
[SourceTitle "playchess.com"]
[Source "ChessBase"]
[SourceQuality "1"]
[TimeControl "5400+30"]

1. e4 c5 2. Nf3 d6 3. Bb5+ Bd7 4. Bxd7+ Nxd7 5. O-O g6 6. c3 Bg7 7. d4 e6 8. Bf4 e5 9. dxe5 dxe5 10. Bg5 Qc7 11. Na3 f6 12. Nb5 Qc6 13. Qd3 fxg5 14. Nxg5 h6 15. Ne6 Kf7 16. Nec7 c4 17. Qf3+ Ngf6 18. Nxa8 Rxa8 19. a4 a6 20. Rfd1 Bf8 21. Qe2 Re8 22. Na3 Bxa3 23. Rxa3 Nxe4 24. Raa1 Ndf6 25. Qe3 Kg7 26. h3 Nc5 27. a5 Nd3 28. f3 Nd5 29. Qe4 Qc5+ 30. Kh2 Re7 31. Ra4 Ne3 32. b4 Qb5 33. Rda1 Nf1+ 34. Kg1 Ng3 35. Qh4 Nf5 36. Qe4 Nd6 37. Qe3 e4 38. R4a2 Nf5 39. Qb6 Qe5 40. Rc2 exf3 0-1